 Dungeon Crawl Stone Soup version 0.21-a0-352-g5b8f553 (webtiles) character file.

111 tidbits the Charmwright (level 4, 0/38 HPs)
             Began as a Gnoll Skald on Oct 10, 2017.
             Was an Initiate of Cheibriados.
             Slain by an orc wizard
             ... wielding a +0 dagger
              (1 damage)
             ... on level 4 of the Dungeon.
             The game lasted 00:03:57 (755 turns).

tidbits the Charmwright (Gnoll Skald)                Turns: 755, Time: 00:03:58

Health: 0/38       AC:  4    Str: 19    XL:     4   Next: 92%
Magic:  9/11       EV: 14    Int: 18    God:    Cheibriados [......]
Gold:   77         SH:  0    Dex: 17    Spells: 2/13 levels left

rFire    . . .     SeeInvis .   a - +0 hand axe
rCold    . . .     Gourm    .   (no shield)
rNeg     . . .     Faith    .   b - +0 leather armour
rPois    .         Spirit   .   (no helmet)
rElec    .         Reflect  .   C - +0 cloak (curse)
rCorr    .         Harm     .   (no gloves)
MR       .....                  (no boots)
Stlth    ++........             (no amulet)
HPRegen  0.12/turn              k - +2 ring of dexterity
MPRegen  0.12/turn              (no ring)

@: mighty, flying, very slow
A: distributed training, fangs 1, strong nose
a: Bend Time, Renounce Religion


You were on level 4 of the Dungeon.
You worshipped Cheibriados.
Cheibriados was noncommittal.
You were not hungry.

You visited 2 branches of the dungeon, and saw 5 of its levels.

You collected 77 gold pieces.

Inventory:

Hand Weapons
 a - a +0 hand axe (weapon)
 o - a +0 halberd
Missiles
 n - 30 arrows
Armour
 b - a +0 leather armour (worn)
 C - a cursed +0 cloak (worn)
Jewellery
 k - a +2 ring of dexterity (left hand)
   (You found it on level 1 of the Dungeon)
Scrolls
 g - 2 scrolls of identify {unknown}
 h - a scroll of blinking {unknown}
 i - 2 scrolls of remove curse {unknown}
 q - a scroll of enchant weapon {unknown}
Potions
 j - a potion of resistance {unknown}
 l - a potion of might
 m - a potion of cancellation {unknown}
Books
 c - a book of Battle

   Spells                             Type                      Level
   a - Infusion                       Charms                       1
   b - Shroud of Golubria             Charms/Translocation         2
   c - Song of Slaying                Charms                       2
   d - Spectral Weapon                Hexes/Charms                 3
   e - Regeneration                   Charms/Necromancy            3
Comestibles
 d - 2 bread rations
 p - 2 chunks of flesh


   Skills:
 + Level 4.7 Fighting
 + Level 1.2 Short Blades
 + Level 1.2 Long Blades
 + Level 4.7 Axes
 + Level 1.2 Maces & Flails
 + Level 1.2 Polearms
 + Level 1.2 Staves
 + Level 1.2 Slings
 + Level 1.2 Bows
 + Level 1.2 Crossbows
 + Level 1.2 Throwing
 + Level 2.8 Armour
 + Level 4.7 Dodging
 + Level 1.2 Stealth
 + Level 1.2 Shields
 + Level 1.2 Unarmed Combat
 + Level 5.1 Spellcasting
 + Level 1.2 Conjurations
 + Level 1.2 Hexes
 + Level 6.6 Charms
 + Level 1.2 Summonings
 + Level 1.2 Necromancy
 + Level 1.2 Translocations
 + Level 1.2 Transmutations
 + Level 1.2 Fire Magic
 + Level 1.2 Ice Magic
 + Level 1.2 Air Magic
 + Level 1.2 Earth Magic
 + Level 1.2 Poison Magic
 + Level 1.2 Invocations
 + Level 1.2 Evocations


You had 2 spell levels left.
You knew the following spells:

 Your Spells              Type           Power        Failure   Level  Hunger
g - Shroud of Golubria    Chrm/Tloc      ###.......   4%          2    #......
i - Infusion              Chrm           ####         1%          1    None
r - Regeneration          Chrm/Necr      ###.......   9%          3    ##.....
w - Spectral Weapon       Hex/Chrm       ###.....     9%          3    ##.....
y - Song of Slaying       Chrm           ####....     1%          2    #......


Dungeon Overview and Level Annotations

Branches:
Dungeon (4/15)             Temple (1/1) D:4

Altars:
Cheibriados
Dithmenos
Elyvilon
Fedhas
Hepliaklqana
Kikubaaqudgha
Nemelex Xobeh
Okawaru
Ru
Sif Muna
Uskayaw
Vehumet
Wu Jian
Xom
Yredelemnul
Zin


Innate Abilities, Weirdness & Mutations

Your experience applies equally to all skills.
You have very sharp teeth.
Your uncanny sense of smell can sniff out nearby items.


Message History

Found a shimmering altar of Xom.
There is an open door here.
You open the door.
Found an ancient bone altar of Kikubaaqudgha.
There is an open door here.
Found a white marble altar of Elyvilon.
You open the door.
Found an ornate altar of the Wu Jian Council and a glowing silver altar of Zin.
There is an open door here.
There is an open door here.
You open the door.
Found a hide-covered altar of Uskayaw.
There is an open door here.
Found a sparkling altar of Nemelex Xobeh.
You open the door.
Found three altars.
There is an open door here.
You open the door.
Found a deep blue altar of Sif Muna.
There is an open door here.
Found an iron altar of Okawaru.
You open the door.
Found a sacrificial altar of Ru and a blossoming altar of Fedhas.
There is an open door here.
You open the door.
Found a snail-covered altar of Cheibriados.
There is an open door here.
There is a snail-covered altar of Cheibriados here.
You kneel at the altar of Cheibriados.
Cheibriados welcomes you!
Cheibriados begins to support your attributes as your movement slows.
You can now bend time to slow others.
There is an open door here.
There is an open door here.
There is a staircase back to the Dungeon here.
You climb upwards.
Welcome back to the Dungeon!
There is a staircase to the Ecumenical Temple here.
n - 30 arrows (gained 23)
Found a stone staircase leading down.
An orc comes into view. It is wielding a club.
The orc shouts!
You hear a shout!
An orc wizard comes into view. It is wielding a dagger.
An orc warrior comes into view. It is wielding a battleaxe.
The orc warrior shouts!
The orc warrior moves out of view.
Casting: Spectral Weapon
Confirm with . or Enter, or press ? or * to list all spells.
You draw out your weapon's spirit!
The orc wizard shouts!
The orc wizard gestures wildly while chanting.
The orc wizard seems to speed up.
The orc hits you but does no damage.
You hit the orc.
The orc is lightly wounded.
Your spectral weapon hits the orc!
You kill the orc!
Cheibriados appreciates the change of pace.
There is a stone staircase leading down here.
Things that are here:
a club; an orc corpse The orc warrior hits you with a battleaxe!
The orc wizard barely misses you.
You hit the orc warrior.
The orc warrior is lightly wounded.
You hit the orc wizard.
Your spectral weapon misses the orc warrior.
The orc wizard hits you with a dagger.
The orc warrior hits you with a battleaxe!!
* * * LOW HITPOINT WARNING * * *
The orc warrior hits your spectral weapon with a battleaxe.
Your spectral weapon shares its damage with you!
* * * LOW HITPOINT WARNING * * *
You are too injured to fight recklessly!
You are too injured to fight recklessly!
You are too injured to fight recklessly!
You are too injured to fight recklessly!
Unknown command.
It was a potion of might.
You feel very mighty all of a sudden. The orc wizard closely misses you.
The orc wizard barely misses you.
You barely miss the orc warrior. You bite the orc warrior.
The orc warrior is lightly wounded.
You barely miss the orc wizard.
Your spectral weapon misses the orc warrior.
The orc wizard hits you but does no damage.
The orc warrior closely misses you.
The orc warrior barely misses your spectral weapon.
The orc wizard hits you but does no damage.
It was a potion of heal wounds.
You feel much better.
The orc warrior hits you with a battleaxe!!
Ouch! That really hurt!
* * * LOW HITPOINT WARNING * * *
The orc warrior hits your spectral weapon with a battleaxe!
Your spectral weapon shares its damage with you!
Your spectral weapon fades away.
* * * LOW HITPOINT WARNING * * *
The orc wizard barely misses you.
It was a potion of flight.
You feel very buoyant.
You fly up into the air.
The orc wizard hits you with a dagger.
You die...

#.#.. #. #.#. ...
#.#####......
#...........
#...............#
#.......#.#.....#### .#
......oo#.#........# #.#
.......@..##.......# #.#
.......>.###.......###.#
.....#...###........##.#
.... #.....#....P.P.##.#
... #.....#.....>...#.#
.. #..........P.P....# #
#...............#.#
#.........#######.#
............# #.#


You could see an orc warrior and an orc wizard.

Vanquished Creatures
  Jessica (D:2)
  3 gnolls (D:3)
  2 adders (D:2)
  A dart slug (D:3)
  An orc (D:4)
  2 bats
  2 giant cockroaches
  2 goblins
  3 hobgoblins
  5 jackals (D:3)
  A quokka (D:3)
  A ball python (D:2)
  3 frilled lizards
  6 kobolds
  3 rats
36 creatures vanquished.

Vanquished Creatures (others)
  A spectral weapon (D:4)
1 creature vanquished.

Grand Total: 37 creatures vanquished

Notes
Turn   | Place    | Note
-------+----------+-------------------------------------------
     0 | D:1      | tidbits the Gnoll Skald began the quest for the Orb.
     0 | D:1      | Reached XP level 1. HP: 20/20 MP: 6/6
   154 | D:2      | Reached XP level 2. HP: 15/26 MP: 3/7
   223 | D:2      | Found a hazy altar of Hepliaklqana.
   230 | D:2      | Reached skill level 5 in Spellcasting
   230 | D:2      | Reached XP level 3. HP: 5/31 MP: 3/9
   234 | D:2      | Learned a level 2 spell: Song of Slaying
   237 | D:2      | Learned a level 2 spell: Shroud of Golubria
   241 | D:2      | Learned a level 3 spell: Regeneration
   245 | D:2      | Learned a level 3 spell: Spectral Weapon
   245 | D:2      | Noticed Jessica
   319 | D:2      | Killed Jessica
   319 | D:2      | Reached skill level 1 in Short Blades
   319 | D:2      | Reached skill level 1 in Long Blades
   319 | D:2      | Reached skill level 1 in Maces & Flails
   319 | D:2      | Reached skill level 1 in Polearms
   319 | D:2      | Reached skill level 1 in Staves
   319 | D:2      | Reached skill level 1 in Slings
   319 | D:2      | Reached skill level 1 in Bows
   319 | D:2      | Reached skill level 1 in Crossbows
   319 | D:2      | Reached skill level 1 in Throwing
   319 | D:2      | Reached skill level 1 in Stealth
   319 | D:2      | Reached skill level 1 in Shields
   319 | D:2      | Reached skill level 1 in Unarmed Combat
   319 | D:2      | Reached skill level 1 in Conjurations
   319 | D:2      | Reached skill level 1 in Hexes
   319 | D:2      | Reached skill level 1 in Summonings
   319 | D:2      | Reached skill level 1 in Necromancy
   319 | D:2      | Reached skill level 1 in Translocations
   319 | D:2      | Reached skill level 1 in Transmutations
   319 | D:2      | Reached skill level 1 in Fire Magic
   319 | D:2      | Reached skill level 1 in Ice Magic
   319 | D:2      | Reached skill level 1 in Air Magic
   319 | D:2      | Reached skill level 1 in Earth Magic
   319 | D:2      | Reached skill level 1 in Poison Magic
   319 | D:2      | Reached skill level 1 in Invocations
   319 | D:2      | Reached skill level 1 in Evocations
   319 | D:2      | Reached XP level 4. HP: 13/38 MP: 1/11
   624 | D:4      | Found a staircase to the Ecumenical Temple.
   631 | Temple   | Entered the Ecumenical Temple
   717 | Temple   | Became a worshipper of Cheibriados the Contemplative
   745 | D:4      | Noticed an orc warrior
   751 | D:4      | HP: 3/38 [orc warrior/battleaxe (1)]
   754 | D:4      | HP: 1/38 [orc warrior/battleaxe (6)]
   755 | D:4      | Slain by an orc wizard

Vault maps used:
D:1:      ncdulo_halloftheorcs
D:2:      overflow_temple_1_default, first_bread,
          chequers_ecumenical_altar_simple_redux, serial_bayou_ford_a,
          uniq_jessica
D:3:      lemuel_coloured_pillars_altar
D:4:      kennysheep_mini_moat, minmay_temple_entry_trees, grunt_ministairs_1,
          minmay_quantized
Temple:   regret_index_temple_generic_petals

Skill      XL: |  1  2  3 |
---------------+----------+-----
Spellcasting   | 5 |  5.1
Short Blades   | 1 |  1.2
Long Blades    | 1 |  1.2
Maces & Flails | 1 |  1.2
Polearms       | 1 |  1.2
Staves         | 1 |  1.2
Slings         | 1 |  1.2
Bows           | 1 |  1.2
Crossbows      | 1 |  1.2
Throwing       | 1 |  1.2
Stealth        | 1 |  1.2
Shields        | 1 |  1.2
Unarmed Combat | 1 |  1.2
Conjurations   | 1 |  1.2
Hexes          | 1 |  1.2
Summonings     | 1 |  1.2
Necromancy     | 1 |  1.2
Translocations | 1 |  1.2
Transmutations | 1 |  1.2
Fire Magic     | 1 |  1.2
Ice Magic      | 1 |  1.2
Air Magic      | 1 |  1.2
Earth Magic    | 1 |  1.2
Poison Magic   | 1 |  1.2
Invocations    | 1 |  1.2
Evocations     | 1 |  1.2
Fighting       | |  4.7
Axes           | |  4.7
Armour         | |  2.8
Dodging        | |  4.7
Charms         | |  6.6

Action                   |  1- 3 |  4- 6 || total
-------------------------+-------+-------++-------
Melee: Hand axe          |    34 |    26 ||    60
       Bite              |     2 |     4 ||     6
 Cast: Infusion          |     4 |     1 ||     5
       Spectral Weapon   |     3 |     4 ||     7
  Use: Potion            |       |     3 ||     3
Armor: Leather armour    |     5 |     8 ||    13
Dodge: Dodged            |    35 |    31 ||    66

Table legend:
 A = Spawn XP
 B = Non-spawn XP
 C = Spawn XP percentage of total XP
 D = Spawn monster count
 E = Non-spawn monster count
 F = Spawn count percentage of total count
 G = Total turns spent on level
                    A         B        C        D         E        F      G
               +---------+---------+-------+---------+---------+-------+---------
         Total |       0 |     159 |   0.0 |       0 |      36 |   0.0 |   755
               +---------+---------+-------+---------+---------+-------+---------
           D:1 |       0 |       9 |   0.0 |       0 |       6 |   0.0 |   182
           D:2 |       0 |      80 |   0.0 |       0 |      14 |   0.0 |   247
           D:3 |       0 |      67 |   0.0 |       0 |      15 |   0.0 |   173
           D:4 |       0 |       3 |   0.0 |       0 |       1 |   0.0 |    49
               +---------+---------+-------+---------+---------+-------+---------

Table legend:
 A = Turns spent in this place as a percentage of turns spent in the entire game.
 B = Non-inter-level travel turns spent in this place as a percentage of non-inter-level travel turns spent in the entire game.
 C = Inter-level travel turns spent in this place as a percentage of turns spent in this place.
 D = Turns resting spent in this place as a percentage of non-inter-level travel turns spent in this place.
 E = Turns spent auto-exploring this place as a percentage of non-inter-level travel turns spent in this place.
 F = Non-inter-level travel turns spent in this place divided by the number of levels of this place that you've seen.
                   A       B       C       D       E      F
               +-------+-------+-------+-------+-------+----------------------
         Total | 100.0 | 100.0 |   2.1 |   0.0 |   0.0 | 147.8
       Dungeon |  86.2 |  88.1 |   0.0 |   0.0 |   0.0 | 162.8
        Temple |  13.8 |  11.9 |  15.4 |   0.0 |   0.0 |  88.0
               +-------+-------+-------+-------+-------+----------------------

Table legend:
 A = Kills in this place as a percentage of kills in entire the game.
 B = Kills by you in this place as a percentage of kills by you in the entire game.
 C = Kills by friends in this place as a percentage of kills by friends in the entire game.
 D = Other kills in this place as a percentage of other kills in the entire game.
 E = Experience gained in this place as a percentage of experience gained in the entire game.
 F = Experience gained in this place divided by the number of levels of this place that you have seen.
                   A       B       C       D       E      F
               +-------+-------+-------+-------+-------+----------------------
         Total | 100.0 | 100.0 |   N/A |   N/A | 100.0 |  31.8
       Dungeon | 100.0 | 100.0 |   N/A |   N/A | 100.0 |  39.8
               +-------+-------+-------+-------+-------+----------------------

Vault maps used:
D:1:      ncdulo_halloftheorcs
D:2:      overflow_temple_1_default, first_bread,
          chequers_ecumenical_altar_simple_redux, serial_bayou_ford_a,
          uniq_jessica
D:3:      lemuel_coloured_pillars_altar
D:4:      kennysheep_mini_moat, minmay_temple_entry_trees, grunt_ministairs_1,
          minmay_quantized
Temple:   regret_index_temple_generic_petals
